cohdb
Replays
Latest Replays
All Replays
Popular Replays
Top Player Replays
Match Explorer
How It Works
Community
CoH3 Stats
Reddit
Sign in to upload your games and track your stats! →
Sign in with Steam
Match 23801567
Unlisted
Match 23801567
Overview
Messages
Build Orders
End
Selects Luftwaffe Battlegroup
Selects Luftwaffe Pioneer Support
Fallschirmpioneer Squad Paradrop
Construct Infanterie Kompanie
MG 42 Machine Gun Team
Fallschirmpioneer Squad Paradrop
GrW 34 Mortar Team
Grenadier Squad
Construct Panzergrenadier Kompanie
ktm_drinks_beer
LongH
Bia
마사장
银魂
酥山
有摆子
Seiun Sky
0
0
Comments
sign in to comment!
No comments posted yet!